 Dungeon Crawl Stone Soup version 0.29-a0-1019-g84f7d21838 (webtiles) character file.

Game seed: 1966339339221562527

1418 IdlyInterested the Covert (level 8, -1/39 (50) HPs)
             Began as a Demonspawn Gladiator on Aug 10, 2022.
             Was a Follower of Hepliaklqana.
             Slain by a wight
             ... wielding a +5 flail
              (3 damage)
             ... on level 6 of the Dungeon.
             The game lasted 00:18:13 (7151 turns).

IdlyInterested the Covert (Demonspawn Gladiator)    Turns: 7151, Time: 00:18:13

HP:   -1/39 (50)    AC: 15    Str: 15    XL:     8   Next: 43%
MP:   0/11          EV: 10    Int: 14    God:    Hepliaklqana [*.....]
Gold: 226           SH:  0    Dex: 12    Spells: 11/11 levels left

rFire   . . .      SeeInvis .   a - +0 rapier
rCold   . . .      Faith    .   (no shield)
rNeg    . . .      Spirit   +   u - +3 scale mail of Modesty {Will- rCorr Dex-2 Slay+5}
rPois   .          Reflect  .   c - +0 helmet
rElec   .          Harm     .   r - +1 cloak
rCorr   +          Rampage  .   w - +2 pair of gloves
Will    .....                   (no boots)
Stlth   ++++......              (no amulet)
HPRegen 0.13/turn               f - ring of wizardry
MPRegen 0.24/turn               (no ring)

@: heavily drained
A: reduced essence, magic shield, magic regeneration, big brain 1
a: Renounce Religion, Recall Ancestor, Ancestor Identity


You were on level 6 of the Dungeon.
You worshipped Hepliaklqana.
Hepliaklqana was aware of your devotion.
You visited 2 branches of the dungeon, and saw 7 of its levels.

You collected 313 gold pieces.
You spent 87 gold pieces at shops.

Inventory:

Hand Weapons
 a - a +0 rapier (weapon)
Missiles
 b - 5 poisoned darts (quivered)
 d - 2 throwing nets
 e - a javelin
Armour
 c - a +0 helmet (worn)
 l - a +2 robe of positive energy
 q - an orb of energy
 r - a +1 cloak (worn)
 u - the +3 scale mail of Modesty (worn) {Will- rCorr Dex-2 Slay+5}
   (You found it on level 3 of the Dungeon)

   Dex:       It affects your dexterity (-2).
   Slay:      It affects your accuracy & damage with ranged weapons and melee
   (+5).
   rCorr:     It protects you from acid and corrosion.
   Will:      It decreases your willpower.
 w - a +2 pair of gloves (worn)
Magical Staves
 o - a staff of death
Jewellery
 f - a ring of wizardry (left hand)
 m - a ring of fire
Wands
 t - a wand of mindburst (11)
Scrolls
 k - a scroll of amnesia
 n - a scroll of enchant armour
Potions
 g - a potion of attraction
 h - a potion of curing
 i - a potion of invisibility
 j - 3 potions of brilliance
 s - a potion of magic {unknown}
 z - a potion of berserk rage {unknown}


   Skills:
 - Level 2.0 Fighting
 * Level 5.3 Short Blades
 - Level 2.0 Throwing
 - Level 2.0 Armour
 - Level 2.6 Dodging
 + Level 12.5 Stealth
 - Level 2.0 Spellcasting
 + Level 0.7 Invocations
 - Level 2.0 Evocations


You had 11 spell levels left.
You didn't know any spells.
Your spell library contained the following spells:

 Spells                   Type           Power      Damage    Failure   Level
 Shock                    Conj/Air       4%         1d3       34%         1
 Swiftness                Air            1%         N/A       69%         3
 Airstrike                Air            0%         2d(1-17)  97%         4
 Petrify                  Tmut/Erth      1%         N/A       97%         4
 Metabolic Englaciation   Hex/Ice        0%         N/A       100%        5
 Statue Form              Tmut/Erth      0%         N/A       100%        6


Dungeon Overview and Level Annotations

Branches:
Dungeon (6/15)             Temple (1/1) D:4

Altars:
Ashenzari
Dithmenos
Fedhas
Gozag
Hepliaklqana
Kikubaaqudgha
Makhleb
Okawaru
Qazlal
Ru
Sif Muna
Trog
Uskayaw
Xom
Yredelemnul

Shops:
D:5 *


Innate Abilities, Weirdness & Mutations

Your life essence is reduced to manifest your ancestor. (-10% HP)
When hurt, damage is shared between your health and your magic reserves.
You regenerate magic rapidly.
You have an unusually large brain. (Int +2)


Message History

You puncture the wight! You punch the wight.
You destroy the wight!
Nolwazi hits the wight.
The wight hits you but does no damage. x2
You hit the wight.
The wight is moderately damaged.
Nolwazi hits the wight.
The wight hits you with a +0 mace.
You feel drained. The wight hits you but does no damage.
The wight closely misses you.
You hit the wight.
The wight is moderately damaged.
Nolwazi closely misses the wight.
You hit the wight.
The wight is severely damaged.
The wight hits you with a +5 flail!
You feel drained. The wight hits you with a +0 mace.
You feel drained.
The wight hits you with a +0 long sword!
You feel drained.
Nolwazi closely misses the wight.
You barely miss the wight.
The wight is severely damaged.
The wight hits you but does no damage. The wight hits you with a +5 flail.
You feel drained.
The wight hits you with a +0 long sword.
Nolwazi misses the wight.
You closely miss the wight.
The wight is severely damaged.
The wight hits you with a +0 mace. The wight hits you with a +5 flail.
The wight hits you with a +0 long sword!
You feel drained.
Nolwazi hits the wight.
Unknown command.
You barely miss the wight.
The wight is severely damaged.
The wight hits you with a +0 mace.
You feel drained. The wight hits you with a +5 flail.
* * * LOW HITPOINT WARNING * * *
You feel drained. The wight barely misses you.
Nolwazi hits the wight.
You hit the wight.
The wight is severely damaged.
The wight hits you with a +0 mace!
* * * LOW HITPOINT WARNING * * *
The wight hits you with a +5 flail.
You die...

#......##
........##
.......>
#......
#....# #...#
#...# ##.(<#
#.R@z#
#.$...zz.#
......$...#
#####.......
#?.......
.......##..
..###..## #
..# ..#


You could see the friendly Nolwazi the ancestor and 3 wights.

Vanquished Creatures
  4 black bears
  Blork the orc (D:4)
  4 scorpions
  2 wights (D:6)
  3 hounds
  An orc priest (D:3)
  Crazy Yiuf (D:2)
  An iguana (D:6)
  Natasha (thrice) (D:2)
  3 adders
  A white imp (D:6)
  4 worms
  A dart slug (D:2)
  6 orcs
  7 ball pythons
  5 bats
  3 endoplasms
  5 giant cockroaches
  11 goblins
  11 hobgoblins
  5 jackals (D:1)
  11 kobolds
  3 quokkas
  10 frilled lizards
  7 rats
113 creatures vanquished.

Vanquished Creatures (others)
  An ancestor (D:6)
1 creature vanquished.

Grand Total: 114 creatures vanquished

Notes
Turn   | Place    | Note
-------+----------+-------------------------------------------
     0 | D:1      | IdlyInterested the Demonspawn Gladiator began the quest for
                  | the Orb.
     0 | D:1      | Reached XP level 1. HP: 16/16 MP: 1/1
    31 | D:1      | Reached skill level 1 in Stealth
    63 | D:1      | Gained mutation: You regenerate magic rapidly. [demonic
                  | ancestry]
    63 | D:1      | Reached XP level 2. HP: 11/22 MP: 2/2
   454 | D:1      | Reached skill level 2 in Stealth
   559 | D:1      | Gained mutation: When hurt, damage is shared between your
                  | health and your magic reserves. [demonic ancestry]
   559 | D:1      | Reached XP level 3. HP: 24/27 MP: 3/3
  1300 | D:2      | Found a runed translucent door.
  1301 | D:2      | Noticed Crazy Yiuf
  1703 | D:2      | Gained mutation: You have an unusually large brain. (Int
                  | +2) [demonic ancestry]
  1703 | D:2      | Reached XP level 4. HP: 31/33 MP: 4/4
  1964 | D:2      | Found a broken altar of Ashenzari.
  1973 | D:2      | Noticed Natasha
  1987 | D:2      | Killed Natasha
  1988 | D:2      | Reached skill level 3 in Stealth
  2249 | D:2      | Noticed Natasha
  2261 | D:2      | Killed Natasha
  2262 | D:2      | Reached skill level 1 in Evocations
  2420 | D:2      | Killed Crazy Yiuf
  2421 | D:2      | Reached XP level 5. HP: 17/38 MP: 3/5
  2765 | D:2      | Noticed Natasha
  2781 | D:2      | Killed Natasha
  3829 | D:3      | Found a shimmering altar of Xom.
  3831 | D:3      | Found a stormy altar of Qazlal.
  3831 | D:3      | Found a hide-covered altar of Uskayaw.
  3833 | D:3      | Found a shimmering blue altar of Sif Muna.
  3833 | D:3      | Found a bloodstained altar of Trog.
  3833 | D:3      | Found a sacrificial altar of Ru.
  3883 | D:3      | Identified the +3 scale mail of Modesty {Will- rCorr Dex-2
                  | Slay+5}
  3948 | D:3      | Reached skill level 1 in Spellcasting
  4556 | D:4      | Reached skill level 12 in Stealth
  4556 | D:4      | Reached XP level 6. HP: 44/44 MP: 7/7
  4641 | D:4      | Noticed Blork the orc
  4643 | D:4      | Killed Blork the orc
  4644 | D:4      | Reached XP level 7. HP: 50/50 MP: 7/9
  4665 | D:4      | Found a staircase to the Ecumenical Temple.
  4679 | Temple   | Entered the Ecumenical Temple
  4763 | Temple   | Became a worshipper of Hepliaklqana the Forgotten
  5914 | D:5      | Entered Level 5 of the Dungeon
  6222 | D:5      | Reached skill level 1 in Armour
  6352 | D:5      | Found an opulent altar of Gozag.
  6370 | D:5      | Reached XP level 8. HP: 56/56 MP: 11/11
  6394 | D:5      | Found Juggih's Assorted Antiques.
  6405 | D:5      | Bought a scroll labelled GUUFAGRI SEHI for 29 gold pieces
  6449 | D:5      | Reached * piety under Hepliaklqana
  6773 | D:5      | Bought a scroll of identify for 58 gold pieces
  6831 | D:6      | Reached skill level 5 in Short Blades
  7151 | D:6      | Slain by a wight

Illustrated notes

Levels and vault maps discovered:
D:1:      heliophobic_arrival_enchanted_forest, layout_rooms,
          kennysheep_flooded_box
D:2:      minmay_chambers_of_twos, layout_loops_ring, basic_altar, hex_tiny,
          chequers_mini_garden, minmay_three_crescents, uniq_natasha,
          uniq_crazy_yiuf_cottage
D:3:      kennysheep_big_flooded_room, layout_basic, doesnt_xom_only_xom,
          grunt_ministairs_3
D:4:      layout_layer_cave, elyvilon_altar_5, temple_pool_b, uniq_blork_the_orc
D:5:      layout_loops_ring, mainiacjoe_overflow_tiny_flanked, serial_shops,
          nicolae_square_shop, serial_bayou_pond_a
D:6:      layout_layer_cave
Temple:   minmay_temple_curvy_loop

Skill      XL: |  1  2  3  4  5  6  7  8 |
---------------+-------------------------+-----
Stealth        | 1 2 3 12 | 12.5
Short Blades   | 3 4 5 |  5.3
Throwing       | 2 |  2.0
Evocations     | 1 2 |  2.0
Spellcasting   | 1 2 |  2.0
Armour         | 1 2 |  2.0
Fighting       | |  2.0
Dodging        | |  2.6
Invocations    | |  0.7

Action                   |  1- 3 |  4- 6 |  7- 9 || total
-------------------------+-------+-------+-------++-------
Melee: Rapier            |   188 |   191 |    78 ||   457
       Punch             |     2 |     2 |     1 ||     5
Throw: Throwing net      |       |     2 |       ||     2
  Use: Scroll            |       |     5 |     6 ||    11
       Potion            |       |     1 |     3 ||     4
 Stab: Sleeping          |     4 |     4 |     6 ||    14
       Held in net/web   |       |     2 |       ||     2
Armor: Leather armour    |    59 |     5 |       ||    64
       Ring mail         |       |    48 |       ||    48
       Scale mail        |       |     7 |    69 ||    76
Dodge: Dodged            |   135 |   104 |    48 ||   287

Table legend: (Time is in decaauts)
 A = Elapsed time spent in this place.
 B = Non-inter-level travel time spent in this place.
 C = Inter-level travel time spent in this place.
 D = Time resting spent in this place.
 E = Time spent auto-exploring this place.
 F = Levels seen in this place.
 G = Mean time per level.
                   A        B        C        D        E       F      G
               +--------+--------+--------+--------+--------+-----+--------+
         Total |   7176 |   6585 |    591 |   2062 |   3295 |   7 | 1025.1 |
       Dungeon |   6951 |   6360 |    591 |   2062 |   3127 |   6 | 1158.5 |
        Temple |    224 |    224 |      0 |      0 |    168 |   1 |  224.0 |
               +--------+--------+--------+--------+--------+-----+--------+

Top non-repeatable levels by time:
     D:2: 1977 daAuts
     D:3: 1502 daAuts
     D:4: 1235 daAuts
     D:1: 1035 daAuts
     D:5: 926 daAuts
     D:6: 275 daAuts
  Temple: 224 daAuts
